 Dungeon Crawl Stone Soup version 0.22.1-2-g9c5b331 (webtiles) character file.

1592 MalarOregon the Ducker (level 8, -3/61 HPs)
             Began as a Merfolk Ice Elementalist on Nov 13, 2018.
             Was an Initiate of Dithmenos.
             Killed from afar by an orc wizard (11 damage)
             ... with a magic dart
             ... on level 6 of the Dungeon.
             The game lasted 00:20:32 (7346 turns).

MalarOregon the Ducker (Merfolk Ice Elementalist)   Turns: 7346, Time: 00:20:33

Health: -3/61      AC:  3    Str:  6 (9)  XL:     8   Next: 93%
Magic:  2/14       EV: 15    Int: 16 (18) God:    Dithmenos [......]
Gold:   320        SH:  0    Dex: 13 (14) Spells: 3/15 levels left

rFire    . . .     SeeInvis .   a - +0 spear
rCold    . . .     Gourm    .   (no shield)
rNeg     + . .     Faith    .   j - +0 robe
rPois    .         Spirit   .   (no helmet)
rElec    .         Reflect  .   d - scarf {cloud immunity}
rCorr    .         Harm     .   (no gloves)
MR       .....                  n - +0 pair of boots
Stlth    ++........             (no amulet)
HPRegen  0.20/turn              o - +2 ring of intelligence
MPRegen  0.14/turn              A - ring of positive energy

@: very slightly contaminated, invisible
A: change form in water, swift swim, stealthy swim
a: Renounce Religion


You were on level 6 of the Dungeon.
You worshipped Dithmenos.
Dithmenos was noncommittal.
You were hungry.

You visited 1 branch of the dungeon, and saw 6 of its levels.

You collected 320 gold pieces.

Inventory:

Hand Weapons
 a - a +0 spear (weapon)
   (You found it on level 1 of the Dungeon)
Armour
 d - a scarf of cloud immunity (worn)
   (You found it on level 1 of the Dungeon)
 j - a +0 robe (worn)
 n - a +0 pair of boots (worn)
   (You found it on level 3 of the Dungeon)
 t - a +0 shield
   (You found it on level 4 of the Dungeon)
Jewellery
 i - an uncursed ring of protection from fire
   (You found it on level 2 of the Dungeon)
 o - a +2 ring of intelligence (left hand)
   (You found it on level 3 of the Dungeon)
 A - a ring of positive energy (right hand)
   (You found it on level 4 of the Dungeon)
Wands
 w - a wand of polymorph (14)
   (You found it on level 4 of the Dungeon)
 x - a wand of acid (2)
   (You took it off Ijyb on level 5 of the Dungeon)
Scrolls
 b - 3 scrolls of teleportation {unknown}
 c - 2 scrolls of fog {unknown}
 f - a scroll of blinking {unknown}
 g - 2 scrolls of immolation {unknown}
 h - 2 scrolls of amnesia {unknown}
 p - 2 scrolls of fear {unknown}
 q - 4 scrolls of magic mapping {unknown}
 r - a scroll of enchant armour {unknown}
 u - a scroll of remove curse {unknown}
 y - 2 scrolls of identify {@r1}
Potions
 k - 4 potions of flight
 l - a potion of ambrosia
 m - 4 potions of curing {@q1}
 v - a potion of magic {unknown}
Comestibles
 e - 11 rations {!d}


   Skills:
 + Level 4.3 Fighting
 - Level 4.0 Polearms
 * Level 6.4 Dodging
 - Level 2.1 Stealth
 + Level 4.1 Spellcasting
 * Level 3.8 Conjurations
 * Level 1.3 Hexes
 * Level 2.6 Summonings
 * Level 6.0 Ice Magic


You had 3 spell levels left.
You knew the following spells:

 Your Spells              Type           Power        Failure   Level  Hunger
a - Freeze                Ice            ###.         1%          1    None
b - Confusing Touch       Hex            #.....       10%         1    None
c - Throw Icicle          Conj/Ice       ###.....     22%         4    ####...
d - Summon Ice Beast      Ice/Summ       ###.....     28%         4    ####...
x - Throw Frost           Conj/Ice       ###...       3%          2    ##.....

Your spell library contained the following spells:

 Spells                   Type           Power        Failure   Level  Hunger
 Summon Small Mammal      Summ           ##..         5%          1    None
 Ozocubu's Armour         Chrm/Ice       ##......     14%         3    ###....
 Animate Skeleton         Necr           N/A          17%         1    None
 Apportation              Tloc           #.....       17%         1    None


Dungeon Overview and Level Annotations

Branches:
Dungeon (6/15)
 Temple: D:4-7

Altars:
Dithmenos
Sif Muna

Shops:
D:4 :


Message History

Aim: an ogre, wielding a giant club (moderately wounded)
The orc is in the way.
You hit the orc.
Attack whom?
Aim: an ogre, wielding a giant club (moderately wounded)
The orc is in the way.
You barely miss the orc. The orc hits you but does no damage.
Attack whom?
Aim: an ogre, wielding a giant club (moderately wounded)
You reach to attack!
You hit the ogre.
Aim: an orc, wielding a whip (lightly wounded)
You freeze the orc. The orc hits you with a whip.
* * * LOW HITPOINT WARNING * * *
The orc wizard hits you but does no damage.
You hit the orc but do no damage.
The orc drinks a potion.
The orc is healed!
The orc wizard casts a spell at you. The magic dart hits you!
* * * LOW HITPOINT WARNING * * *
The orc hits you with a whip.
* * * LOW HITPOINT WARNING * * *
The orc wizard mumbles some strange words.
The orc wizard seems to speed up.
There is an open door here.
Aim: an orc wizard, wielding a dagger and wearing a robe (fast)
You freeze the orc wizard.
The orc wizard mumbles some strange words.
The orc wizard blinks!
The orc barely misses you.
The orc wizard gestures at you while chanting.
The magic dart hits you!
* * * LOW HITPOINT WARNING * * *
You hear a distant blaring wail to the southwest.
The orc wizard hits you with a dagger.
* * * LOW HITPOINT WARNING * * *
The orc wizard closely misses you.
Okay, then.
It was a potion of degeneration.
There was something very wrong with that liquid.
You feel weakened.
You feel dopey.
You feel clumsy. The orc wizard hits you with a dagger.
* * * LOW HITPOINT WARNING * * *
The orc closely misses you. The orc wizard hits you with a dagger.
* * * LOW HITPOINT WARNING * * *
It was a potion of invisibility.
You fade into invisibility!
The orc wizard completely misses you. The orc hits you with a whip.
* * * LOW HITPOINT WARNING * * *
You are very lightly contaminated with residual magic.
Unknown command.
The orc wizard points at you and mumbles some strange words.
The magic dart hits you!
You die...

#......# #......#
##.....#
#..###.##########
#######.....(#.........
#......#..........#....
#......#######....#....
#......# ##....#....
#.....@# #.....#....
#.)....# ##..###....
#......# ####....##
#.o..o.# #..#....#
#......# ##..#....#
#.....O# #...'....#
#......# #...#....#
#......# #...#....#
#......# #####....#


You could see an ogre, an orc wizard and an orc (wandering).

Vanquished Creatures
  A hippogriff (D:4)
  Eustachio (D:5)
  Duvessa (D:5)
  An ice beast (D:2)
  A sky beast (D:5)
  A phantom (D:5)
  A centaur (D:3)
  Dowan (D:5)
  2 scorpions
  A howler monkey (D:4)
  A hound (D:4)
  An orc wizard (D:6)
  Ijyb (D:5)
  2 centaur skeletons (D:4)
  Natasha (thrice) (D:3)
  A worker ant (D:5)
  An iguana (D:6)
  A hound skeleton (D:6)
  4 gnolls (D:4)
  6 adders
  4 oozes
  An adder zombie (D:4)
  3 worms (D:3)
  2 dart slugs
  A leopard gecko (D:3)
  7 orcs
  13 giant cockroaches
  5 goblins
  13 hobgoblins
  3 jackals (D:6)
  4 quokkas
  4 bats
  6 frilled lizards
  8 kobolds
  A quokka skeleton (D:5)
  8 rats
115 creatures vanquished.

Vanquished Creatures (collateral kills)
  Grinder (D:6)
1 creature vanquished.

Grand Total: 116 creatures vanquished

Notes
Turn   | Place    | Note
-------+----------+-------------------------------------------
     0 | D:1      | MalarOregon the Merfolk Ice Elementalist began the quest
                  | for the Orb.
     0 | D:1      | Reached XP level 1. HP: 13/13 MP: 3/3
   118 | D:1      | Reached XP level 2. HP: 20/20 MP: 0/5
   174 | D:1      | Learned a level 2 spell: Throw Frost
   430 | D:1      | Reached skill level 1 in Fighting
   452 | D:1      | Reached skill level 1 in Conjurations
   556 | D:1      | Reached XP level 3. HP: 14/26 MP: 2/6
  1224 | D:2      | Reached XP level 4. HP: 15/32 MP: 2/7
  1413 | D:2      | Noticed an ice beast
  1416 | D:2      | Reached skill level 1 in Polearms
  1550 | D:3      | Noticed a centaur
  2176 | D:3      | Noticed Natasha
  2575 | D:3      | Killed a centaur
  2575 | D:3      | Reached XP level 5. HP: 24/38 MP: 1/9
  3004 | D:3      | Learned a level 4 spell: Throw Icicle
  3024 | D:3      | Killed Natasha
  3187 | D:3      | Noticed Natasha
  3195 | D:3      | Killed Natasha
  3195 | D:3      | Reached XP level 6. HP: 37/46 MP: 4/10
  3255 | D:3      | Noticed Natasha
  3262 | D:3      | Killed Natasha
  3936 | D:2      | Killed an ice beast
  4324 | D:4      | Noticed a hippogriff
  4513 | D:4      | Reached XP level 7. HP: 46/52 MP: 0/11
  5065 | D:4      | Found a deep blue altar of Sif Muna.
  5489 | D:4      | Found Zuenalu's Book Boutique.
  5512 | D:4      | Killed a hippogriff
  5512 | D:4      | Reached skill level 5 in Dodging
  5512 | D:4      | Reached skill level 5 in Ice Magic
  5655 | D:4      | Learned a level 4 spell: Summon Ice Beast
  5656 | D:5      | Entered Level 5 of the Dungeon
  5809 | D:5      | Reached XP level 8. HP: 55/60 MP: 5/13
  5825 | D:5      | Noticed Ijyb
  5876 | D:5      | Reached skill level 1 in Summonings
  6014 | D:5      | Noticed Eustachio
  6060 | D:5      | Killed Eustachio
  6383 | D:5      | Found a shadowy altar of Dithmenos.
  6386 | D:5      | Became a worshipper of Dithmenos the Shadowed
  6471 | D:5      | Learned a level 1 spell: Confusing Touch
  6484 | D:5      | Noticed Duvessa
  6484 | D:5      | Noticed Dowan
  6501 | D:5      | Killed Duvessa
  6505 | D:5      | Killed Dowan
  6744 | D:5      | Killed Ijyb
  7051 | D:6      | Noticed Grinder
  7095 | D:6      | Killed Grinder
  7095 | D:6      | Reached skill level 1 in Hexes
  7346 | D:6      | Killed from afar by an orc wizard

Skill      XL: |  1  2  3  4  5  6  7  8 |
---------------+-------------------------+-----
Dodging        | 3 4 5 6 |  6.4
Fighting       | 1 2 3 4 |  4.3
Conjurations   | 1 2 3 |  3.8
Polearms       | 2 3 4 |  4.0
Ice Magic      | 4 5 6 |  6.0
Spellcasting   | 3 4 |  4.1
Summonings     | 2 |  2.6
Hexes          | 1 |  1.3
Stealth        | |  2.1

Action                   |  1- 3 |  4- 6 |  7- 9 || total
-------------------------+-------+-------+-------++-------
Melee: Unarmed           |     9 |       |       ||     9
       Spear             |    10 |   186 |   169 ||   365
 Cast: Freeze            |    59 |    50 |    59 ||   168
       Throw Frost       |     1 |     7 |    39 ||    47
       Throw Icicle      |       |     3 |     5 ||     8
       Summon Ice Beast  |       |       |     1 ||     1
  Use: Scroll            |     2 |     2 |       ||     4
       Potion            |       |     1 |     2 ||     3
 Stab: Sleeping          |       |     6 |     1 ||     7
       Distracted        |       |       |     1 ||     1
  Eat: Chunk             |     2 |    11 |     9 ||    22
       Ration            |       |       |     1 ||     1
Armor: Robe              |     6 |    23 |    31 ||    60
       Skin              |       |    34 |       ||    34
Dodge: Dodged            |    28 |   122 |   124 ||   274
